Celery, neutral female gnomish Tourist ------------- |.........G.| |..........M- ---- - ------ Celery the Excursionist Experience level: 6 Strength: 13 Dexterity: 9 Constitution: 17 Intelligence: 13 Wisdom: 10 Charisma: 14 Health: 0(46) Energy: 29(29) Def: 5 Gold: 197 Moves: 5220 Dungeon seed: pJ4V0NjtysX9qkqz Game ID: Celery_1467830708 Your Inventory: Coins $ - 197 gold pieces Weapons a - 38 uncursed +2 darts (in quiver) p - an uncursed +2 aklys (alternate weapon; not wielded) H - an uncursed +0 scimitar (weapon in hand) Armor e - an uncursed +0 Hawaiian shirt (being worn) y - an uncursed +0 orcish cloak (being worn) z - an uncursed +0 pair of water walking boots (being worn) N - an uncursed +0 studded leather armor (being worn) U - an uncursed +0 mummy wrapping Y - an uncursed +0 orcish helm (being worn) Comestibles b - 3 uncursed eggs f - 5 uncursed food rations g - an uncursed cram ration i - an uncursed tripe ration A - 2 uncursed eggs O - an uncursed lizard corpse Scrolls w - a blessed scroll of remove curse D - an uncursed scroll of create monster R - a blessed scroll of food detection W - an uncursed scroll of remove curse Potions d - an uncursed potion of object detection Rings r - an uncursed ring of hunger v - an uncursed ring of warning (on left hand) P - an uncursed ring of searching Wands n - an uncursed wand of secret door detection (0:1) L - an uncursed wand of enlightenment (0:10) M - an uncursed wand of enlightenment (0:13) S - an uncursed wand of teleportation (0:1) Tools l - an uncursed expensive camera (0:63) m - an uncursed credit card o - an uncursed towel s - an uncursed sack T - an uncursed blindfold Gems q - an uncursed worthless piece of green glass I - an uncursed fluorite stone V - an uncursed luckstone Z - an uncursed worthless piece of black glass Contents of the sack: 1165 gold pieces an uncursed scroll of destroy armor an uncursed scroll of earth 4 uncursed scrolls of magic mapping an uncursed scroll of scare monster a blessed scroll of teleportation an uncursed potion of blindness an uncursed potion of booze a cursed potion of booze a cursed potion of invisibility an uncursed potion of oil a cursed potion of paralysis Spells and supernatural/magical abilities: Name Level Category Fail Memory r - remove curse 3 clerical 100% 81% W - pray for help -- divine ? -- Your skills at the end: Miscellaneous Skills wands [Basic] Weapon Skills club [Basic] dart [Skilled] Spellcasting Skills Final Attributes: You were devoutly aligned. You were telepathic. You were warned. You had infravision. You could walk on water. You were lucky. You had extra luck. Bad luck did not time out for you. Good luck did not time out for you. You are dead. Vanquished creatures: a chameleon a leprechaun a quivering blob a lizard 2 giant spiders an iron piercer a dwarf mummy a dust vortex 2 apes 5 Mordor orcs a rock piercer a pony a violet fungus a gray ooze 2 elf zombies 3 giant ants 6 floating eyes 7 iguanas an orc zombie 2 wererats a gas spore 2 hobbits 2 large kobolds 4 geckos 3 giant rats a cave spider 4 yellow molds a green mold a red mold 3 gnome zombies 12 jackals 2 foxes 3 kobolds 4 newts 7 sewer rats 16 grid bugs a bat 6 lichens a kobold zombie 115 creatures vanquished. Voluntary challenges: You used a wielded weapon 98 times, starting on turn 44. You did not apply a unicorn horn. You read items or engraved 14 times, starting on turn 894. You never genocided any monsters. You never polymorphed an object. You never changed form. You used no wishes. You never split a pudding. You never wrote Elbereth's name. You never violated your personal moral code. Dungeon overview: The Dungeons of Doom: levels 1 to 9 Level 1 a long staircase Level 2 Level 3 an armor shop, an altar to Blind Io a long staircase Level 4 Level 5 a fountain Level 6 a sink Level 7 a fountain Level 8 Level 9 <- You were here History has recorded: On T:1 you entered the Dungeons of Doom to retrieve the Amulet of Yendor! On T:189 you advanced to experience level 2. On T:621 you reached level 2 of The Dungeons of Doom. On T:723 you advanced to experience level 3. On T:1191 you reached level 3 of The Dungeons of Doom. On T:1655 you advanced to experience level 4. On T:2124 you reached level 4 of The Dungeons of Doom. On T:2539 you advanced to experience level 5. On T:2583 you reached level 5 of The Dungeons of Doom. On T:3200 you reached level 6 of The Dungeons of Doom. On T:3695 you reached level 7 of The Dungeons of Doom. On T:3938 you advanced to experience level 6. On T:4279 you reached level 8 of The Dungeons of Doom. On T:5198 you reached level 9 of The Dungeons of Doom. Score breakdown: Gold: 1086 ( 108 points) Experience: 6 levels ( 500 points) Exploration: 9 levels ( 240 points) Discoveries: 6 items ( 300 points) Variety of kills: 39 monsters ( 1950 points) Major goal: (nothing yet) ( 0 points) Survival: died (score multiplied by 3) Total score: 9294 Latest messages: You see here a giant spider corpse. The dart hits the owlbear! The dart hits the owlbear. The owlbear claws you! (2x) You see here 7 rocks. You see here 11 rocks. (3x) You see here 7 rocks. You hear crashing rock. You see here 9 rocks. You hear crashing rock. You hear the roaring of a confused bear! You see here 9 rocks. You see here 10 rocks. a - an uncursed +2 dart (in quiver). (2x) You feel agile! You must have been working on your reflexes. You see here 10 rocks. The owlbear claws you! (2x) You see here 9 rocks. The kobold mummy scratches you! (2x) You die... Your body rises from the dead as a gnome mummy... Final status: Aloha Celery the Tourist, killed by a kobold mummy... You died in The Dungeons of Doom on dungeon level 9 with 9294 points, and 1362 pieces of gold, after 5220 moves. You were level 6 with a maximum of 46 hit points when you died.